 Dungeon Crawl Stone Soup version 0.27-a0-906-g0a00ce863d (webtiles) character file.

Game seed: 5283224614826905487

185 Grimdewalt the Ducker (level 5, -1/39 HPs)
             Began as a Djinni Earth Elementalist on Apr 7, 2021.
             Killed by nerve-wracking pain
             ... invoked by Menkaure
              (13 damage)
             ... on level 4 of the Dungeon.
             The game lasted 00:09:01 (3941 turns).

Grimdewalt the Ducker (Djinni Earth Elementalist)   Turns: 3941, Time: 00:09:01

Health: -1/39      AC:  3    Str:  7    XL:     5   Next: 64%
Gold:   286        EV: 28    Int: 17    God:
                   SH:  0    Dex: 14

rFire    + + .     SeeInvis .   (no weapon)
rCold    x . .     Faith    .   (no shield)
rNeg     . . .     Spirit   .   c - +0 robe
rPois    ∞         Reflect  .   l - +0 helmet
rElec    .         Harm     .   (no cloak)
rCorr    .         Rampage  .   (no gloves)
Will     .....                  (boots unavailable)
Stlth    ++........             u - amulet of the acrobat
HPRegen  0.13/turn              q - ring of magical power
MPRegen  0.00/turn              (no ring)

@: acrobatic, flying
A: fire resistance 2, cold vulnerability 1, float, innate caster, hp casting,
extra vitality 1
a: no special abilities


You were on level 4 of the Dungeon.
You visited 1 branch of the dungeon, and saw 4 of its levels.

You collected 286 gold pieces.

Inventory:

Missiles
 b - 24 stones
Armour
 c - a +0 robe (worn)
 d - a +0 kite shield
 k - a +0 animal skin
 l - a +0 helmet (worn)
Jewellery
 o - an amulet of faith
 q - a ring of magical power (left hand)
 s - an amulet of guardian spirit
 u - an amulet of the acrobat (around neck)
Wands
 r - a wand of mindburst (15)
Scrolls
 a - a scroll of enchant armour {unknown}
 e - a scroll of blinking {unknown}
 f - 2 scrolls of noise {unknown}
 g - 3 scrolls of identify {unknown}
 h - a scroll of teleportation {unknown}
 i - a scroll of vulnerability {unknown}
 m - 2 scrolls of acquirement {unknown}
 p - a scroll of summoning {unknown}
Potions
 j - 6 potions of curing {unknown}
 n - 2 potions of flight {unknown}
 t - 2 potions of attraction {unknown}


   Skills:
 + Level 2.7 Fighting
 + Level 4.0 Dodging
 - Level 1.5 Stealth
 + Level 3.7 Spellcasting


You couldn't memorise any spells.
You knew the following spells:

 Your Spells              Type           Power      Damage    Failure   Level
a - Sandblast             Erth           30%        2d9       3%          1
b - Passwall              Tmut/Erth      12%        N/A       5%          2
c - Stone Arrow           Conj/Erth      30%        3d8       11%         3
d - Petrify               Tmut/Erth      15%        N/A       34%         4
e - Lee's Rapid Deconstr  Erth           7%         3d8*      69%         5
f - Animate Skeleton      Necr           30%        N/A       3%          1
g - Swiftness             Air            15%        N/A       5%          2
Your spell library was empty.

Dungeon Overview and Level Annotations

Branches:
Dungeon (4/15)
 Temple: D:4-7

Altars:
Dithmenos
Fedhas
Gozag

Shops:
D:3 (

Annotations:
D:4 Menkaure


Innate Abilities, Weirdness & Mutations

You are immune to poison.
Your flesh is very heat resistant. (rF++)
You are vulnerable to cold. (rC-)
You float through the air rather than walking.
You learn spells naturally, not from books.
Your magical power is your life essence.
You have superior vitality. (+4 HP)


Message History

There is an opulent altar of Gozag here.
You now have 286 gold pieces (gained 11).
A goblin comes into view. It is wielding a +0 dagger.
An adder skeleton comes into view.
Casting: Stone Arrow (dangerous; 11% risk of failure)
Confirm with . or Enter, or press ? or * to list all spells.
You can't see any susceptible monsters within range! (Use Z to cast anyway.)
The goblin shouts!
Casting: Stone Arrow (dangerous; 11% risk of failure)
Confirm with . or Enter, or press ? or * to list all spells.
Aiming: Stone Arrow (dangerous; 11% risk of failure)
Press: ? - help, Shift-Dir - straight line, f - adder skeleton
Aim: an adder skeleton (23% to evade)
You miscast Stone Arrow.
You are very lightly contaminated with residual magic.
Nothing appears to happen.
Casting: Stone Arrow (dangerous; 11% risk of failure)
Confirm with . or Enter, or press ? or * to list all spells.
Aiming: Stone Arrow (dangerous; 11% risk of failure)
Press: ? - help, Shift-Dir - straight line, f/p - adder skeleton
Aim: an adder skeleton (23% to evade)
The stone arrow hits the adder skeleton!
You destroy the adder skeleton!
Casting: Stone Arrow (dangerous; 11% risk of failure)
Confirm with . or Enter, or press ? or * to list all spells.
Aiming: Stone Arrow (dangerous; 11% risk of failure)
Press: ? - help, Shift-Dir - straight line, f - goblin
Aim: a goblin, wielding a +0 dagger (40% to evade)
The stone arrow misses the goblin.
Casting: Stone Arrow (dangerous; 11% risk of failure)
Confirm with . or Enter, or press ? or * to list all spells.
Aiming: Stone Arrow (dangerous; 11% risk of failure)
Press: ? - help, Shift-Dir - straight line, f/p - goblin
Aim: a goblin, wielding a +0 dagger (40% to evade)
The stone arrow hits the goblin!!
You kill the goblin!
Your magical contamination has completely faded away.
Menkaure, Prince of Dust comes into view.
Menkaure gestures wildly while chanting.
Menkaure seems to speed up.
Menkaure is nearby!
Unknown command.
Menkaure calls on the powers of darkness!
Your body is wracked with pain!
Menkaure sighs in an indecipherable tongue.
Menkaure calls on the powers of darkness!
Your body is wracked with pain!
Menkaure points at you and mumbles some strange words.
Pain shoots through your body!
You die...

### #.## ### ##.# #..
#.## #.# ..#####.#
........## #
.........# .
.........## ####### #
..........###.....#
........#@##....).#
.......##.........##
....... #..........#
......# #M.........#
.....# ##.....>....#
....###....###.###....
..###......#.....# ..#
#........#.#.### ##M
.....#...#.._..#


You could see Menkaure (fast).

Vanquished Creatures
  An ogre (D:3)
  A hound skeleton (D:4)
  Robin (D:2)
  2 adder skeletons
  A worm (D:3)
  A dart slug (D:2)
  3 ball pythons
  2 endoplasms (D:1)
  5 giant cockroaches
  17 goblins
  7 hobgoblins
  4 jackals (D:3)
  2 quokkas (D:1)
  3 bats
  2 frilled lizards
  2 kobolds
  6 rats
60 creatures vanquished.

Notes
Turn   | Place    | Note
-------+----------+-------------------------------------------
     0 | D:1      | Grimdewalt the Djinni Earth Elementalist began the quest
                  | for the Orb.
     0 | D:1      | Reached XP level 1. HP: 15/15 MP: 0/0
   362 | D:1      | Reached XP level 2. HP: 20/22 MP: 0/0
   521 | D:1      | Reached skill level 1 in Fighting
   976 | D:1      | Found a faded altar of an unknown god.
  1037 | D:2      | Reached XP level 3. HP: 23/27 MP: 0/0
  1037 | D:2      | Learned a level 1 spell: Animate Skeleton
  1359 | D:2      | Noticed Robin
  1567 | D:2      | Reached skill level 3 in Dodging
  1892 | D:2      | Killed Robin
  2055 | D:2      | Reached XP level 4. HP: 21/33 MP: 0/0
  2821 | D:3      | Found Otidwag's Weapon Boutique.
  2857 | D:3      | Found a shadowy altar of Dithmenos.
  2933 | D:3      | Noticed an ogre
  3007 | D:3      | Killed an ogre
  3008 | D:3      | Reached XP level 5. HP: 30/39 MP: 0/0
  3008 | D:3      | Learned a level 2 spell: Swiftness
  3114 | D:3      | Found a blossoming altar of Fedhas.
  3673 | D:4      | Reached skill level 4 in Dodging
  3776 | D:4      | Found an opulent altar of Gozag.
  3916 | D:4      | Noticed Menkaure
  3941 | D:4      | Killed from afar by Menkaure

Illustrated notes

Levels and vault maps discovered:
D:1:      nzn_arrival_water_spiral, layout_basic, ebering_ecumenical_altar_box,
          minmay_heptomino_h4
D:2:      layout_basic, uniq_robin
D:3:      layout_basic, amcnicky_altar_gilded,
          nicolae_dithmenos_through_a_glass_darkly, serial_shops, shop,
          minmay_cupped
D:4:      layout_cave_pods, lemuel_doored_altar,
          nicolae_gozag_cash_rules_everything_around_me, lemuel_crystal_altar,
          minmay_door_square, uniq_menkaure

Skill      XL: |  1  2  3  4  5 |
---------------+----------------+-----
Fighting       | 1 2 |  2.7
Spellcasting   | 3 |  3.7
Dodging        | 3 4 |  4.0
Stealth        | |  1.5

Action                   |  1- 3 |  4- 6 || total
-------------------------+-------+-------++-------
 Cast: Sandblast         |    28 |     1 ||    29
       Stone Arrow       |    18 |    30 ||    48
Armor: Robe              |       |     1 ||     1
Dodge: Dodged            |     2 |       ||     2

Table legend: (Time is in decaauts)
 A = Elapsed time spent in this place.
 B = Non-inter-level travel time spent in this place.
 C = Inter-level travel time spent in this place.
 D = Time resting spent in this place.
 E = Time spent auto-exploring this place.
 F = Levels seen in this place.
 G = Mean time per level.
                   A        B        C        D        E       F      G
               +--------+--------+--------+--------+--------+-----+--------+
         Total |   3940 |   3877 |     63 |    179 |   3215 |   4 |  985.0 |
       Dungeon |   3940 |   3877 |     63 |    179 |   3215 |   4 |  985.0 |
               +--------+--------+--------+--------+--------+-----+--------+

Top non-repeatable levels by time:
     D:2: 1300 daAuts
     D:1: 1210 daAuts
     D:3: 1068 daAuts
     D:4: 361 daAuts
